 Dungeon Crawl Stone Soup version 0.18.1-5-g4a78601 (webtiles) character file.

51 Gorice the Skirmisher (level 3, 0/23 HPs)
             Began as a Tengu Transmuter on May 14, 2016.
             Slain by a gnoll
             ... wielding a +0 flail
              (11 damage)
             ... on level 3 of the Dungeon.
             The game lasted 00:07:12 (1792 turns).

Gorice the Skirmisher (Tengu Transmuter)            Turns: 1792, Time: 00:07:12

Health: 0/23       AC:  5    Str: 11    XL:     3   Next: 83%
Magic:  7/7        EV: 11    Int: 13    God:
Gold:   67         SH:  0    Dex: 14    Spells: 1 memorised, 5 levels left

rFire  . . .     SeeInvis .     u - +0 hand axe (flame)
rCold  . . .     Gourm    .     w - +0 ring mail
rNeg   . . .     Faith    .     (no shield)
rPois  .         Spirit   .     (helmet restricted)
rElec  .         Dismiss  .     (no cloak)
rCorr  +         Reflect  .     (no gloves)
SustAt .         Harm     .     (boots unavailable)
MR     .....                    (no amulet)
Stlth  +.........               (no ring)
                                x - ring of resist corrosion

@: not resistant to hostile enchantments, very unstealthy
A: beak, talons 3
a: no special abilities


You were on level 3 of the Dungeon.
You were not hungry.

You visited 1 branch of the dungeon, and saw 3 of its levels.

You collected 67 gold pieces.

Inventory:

Hand Weapons
 l - a +0 hunting sling
 u - a +0 hand axe of flaming (weapon)
   (You found it on level 3 of the Dungeon)
 y - a +0 war axe
 D - a +0 halberd
Missiles
 a - 45 arrows
 j - 3 needles of frenzy
 t - 17 bolts
 Z - 2 stones (quivered)
Armour
 b - a +1 robe
 m - a +0 leather armour
 w - a +0 ring mail (worn)
Jewellery
 x - a ring of resist corrosion (left hand)
Scrolls
 e - 2 scrolls of enchant armour
 h - 4 scrolls of teleportation {!r}
 o - 3 scrolls of remove curse
 r - a scroll of amnesia
Potions
 f - a potion of curing
 g - a potion of berserk rage
 i - 2 potions of resistance {unknown}
 p - 3 potions of brilliance {unknown}
 s - a potion of beneficial mutation {unknown}
 z - 2 potions of might {!q}
 A - a potion of degeneration {unknown}
 B - a potion of ambrosia {unknown}
 C - a potion of magic {unknown}
Books
 c - a book of Changes
Comestibles
 d - 4 bread rations {!e}
 k - 2 chunks of flesh
 n - 2 meat rations {!e}
 q - a beef jerky
 v - a slice of pizza


   Skills:
 * Level 3.5 Fighting
 - Level 2.1 Dodging
 - Level 3.2 Unarmed Combat
 - Level 2.0 Spellcasting
 - Level 1.5 Transmutations


You had 5 spell levels left.
You knew the following spells:

 Your Spells              Type           Power        Failure   Level  Hunger
a - Beastly Appendage     Trmt           #.....       34%         1    ##.....


Dungeon Overview and Level Annotations

Branches:
Dungeon (3/15)

Altars:
Gozag

Annotations:
D:3 exclusion: adder, Uhlv's ghost, novice KoMo


Innate Abilities, Weirdness & Mutations

You have a beak for a mouth.
You have claws for feet.


Message History

You miss the jackal. Your kick misses the jackal.
You peck the jackal, but do no damage.
The jackal is almost dead.
The jackal barely misses you. The jackal bites you.
A gnoll comes into view. It is wielding a flail.
Damage: 1 (max 1)
You barely miss the jackal.
The gnoll shouts!
You claw the jackal.
You kill the jackal!
Throwing (i - inventory):
Z - 6 stones (quivered)
Press: ? - help, Shift-Dir - straight line, f - gnoll
Aim: a gnoll, wielding a flail You throw a stone.
The stone closely misses the gnoll.
A jackal comes into view.
Throwing (i - inventory):
Z - 5 stones (quivered)
Press: ? - help, Shift-Dir - straight line, f/p - gnoll
Aim: a gnoll, wielding a flail You throw a stone.
The stone barely misses the gnoll.
The jackal barks!
Throwing (i - inventory):
Z - 4 stones (quivered)
Press: ? - help, Shift-Dir - straight line, f/p - gnoll
Aim: a gnoll, wielding a flail You throw a stone.
The stone hits the gnoll but does no damage.
Throwing (i - inventory):
Z - 3 stones (quivered)
Press: ? - help, Shift-Dir - straight line, f/p - gnoll
Aim: a gnoll, wielding a flail You throw a stone.
The stone hits the gnoll but does no damage.
The gnoll hits you with a flail!
* * * LOW HITPOINT WARNING * * *
Damage: 7 (max 7)
You closely miss the gnoll. You claw the gnoll. Your peck misses the gnoll.
The gnoll is lightly wounded.
The gnoll hits you but does no damage.
You closely miss the gnoll. You peck the gnoll.
The gnoll is heavily wounded.
The gnoll closely misses you.
You hit the gnoll but do no damage.
The gnoll is heavily wounded.
The gnoll barely misses you.
You hit the gnoll. You burn the gnoll. You claw the gnoll, but do no damage.
You peck the gnoll, but do no damage.
The gnoll is severely wounded.
The gnoll barely misses you.
You hit the gnoll but do no damage.
The gnoll is severely wounded.
The gnoll closely misses you. The gnoll hits you with a flail!
You die...

..(.((...........
#.....(...(....###
#........(.......
#.######.†.(.....#
#. ###......## #.
#.###### #. #h# #.
#g# #.##.##### #@#
#.......># #.#
#####.##.####.#
#.##......#
#.#######.# #.#
#.# #.# #.# #.#
#.# #.# #.#


You could see a gnoll and a jackal.

Vanquished Creatures
  A gnoll (D:3)
  An adder (D:2)
  A worm (D:2)
  A giant gecko (D:2)
  4 giant cockroaches
  2 goblins
  6 hobgoblins
  2 jackals
  5 bats
  A kobold (D:1)
  3 rats
27 creatures vanquished.

Notes
Turn   | Place    | Note
--------------------------------------------------------------
     0 | D:1      | Gorice the Tengu Transmuter began the quest for the Orb.
     0 | D:1      | Reached XP level 1. HP: 12/12 MP: 4/4
   690 | D:2      | Reached skill level 2 in Fighting
   690 | D:2      | Reached XP level 2. HP: 16/17 MP: 4/6
  1126 | D:2      | Reached XP level 3. HP: 22/22 MP: 5/7
  1407 | D:3      | Reached skill level 3 in Fighting
  1635 | D:3      | Found an opulent altar of Gozag.
  1658 | D:3      | Noticed Uhlv's ghost (novice KoMo)
  1792 | D:3      | Slain by a gnoll

Skill      XL: |  1  2  3 |
---------------+----------+-----
Fighting       | 2 3 |  3.5
Dodging        | |  2.1
Unarmed Combat | |  3.2
Spellcasting   | |  2.0
Transmutations | |  1.5

Action                   || total
-------------------------++-------
Melee: Unarmed           ||    72
       Kick              ||    21
       Peck              ||    14
       Headbutt          ||     6
       Punch             ||     1
       Hand axe          ||    14
Throw: Stone             ||    20
 Cast: Beastly Appendage ||    17
  Use: Scroll            ||    11
  Eat: Chunk             ||     3
Armor: Robe              ||    24
       Ring mail         ||     3
Dodge: Dodged            ||    63

Table legend:
 A = Turns spent in this place as a percentage of turns spent in the entire game.
 B = Non-inter-level travel turns spent in this place as a percentage of non-inter-level travel turns spent in the entire game.
 C = Inter-level travel turns spent in this place as a percentage of turns spent in this place.
 D = Turns resting spent in this place as a percentage of non-inter-level travel turns spent in this place.
 E = Turns spent auto-exploring this place as a percentage of non-inter-level travel turns spent in this place.
 F = Non-inter-level travel turns spent in this place divided by the number of levels of this place that you've seen.
                   A       B       C       D       E      F
               +-------+-------+-------+-------+-------+----------------------
         Total | 100.0 | 100.0 |   0.7 |   0.4 |   9.9 | 181.7
       Dungeon | 100.0 | 100.0 |   0.7 |   0.4 |   9.9 | 181.7
               +-------+-------+-------+-------+-------+----------------------

Vault maps used:
D:1:      matt_arrival_grand_opening
D:3:      lemuel_castle_with_subvaults, grunt_gozag_statues, first_bread
